 Dungeon Crawl Stone Soup version 0.17.0-22-g5edae84 (console) character file.

4854 jw the Cleaver (level 10, -6/72 HPs)
             Began as an Octopode Berserker on Nov 13, 2015.
             Was an Elder of Trog.
             Mangled by a wight
             ... wielding a +3 dire flail
              (11 damage)
             ... on level 8 of the Dungeon.
             The game lasted 00:26:05 (11221 turns).

jw the Cleaver (Octopode Berserker)                Turns: 11221, Time: 00:26:05

Health: -6/72      AC:  4    Str: 18    XL:     10   Next: 49%
Magic:  10/10      EV: 13    Int: 11    God:    Trog [****..]
Gold:   358        SH:  0    Dex: 14    Spells: 0 memorised, 9 levels left

rFire  . . .     SeeInvis +     a - +1 hand axe
rCold  . . .     Clarity  +     (no shield)
rNeg   . . .     SustAt   .     l - +3 crown of Dyrovepreva {rElec Int+2 SInv}
rPois  .         Gourm    .     t - amulet of clarity
rElec  +         Spirit   .     (no ring)
rCorr  .         Warding  .     (no ring)
rMut   .         Stasis   .     (no ring)
MR     .....                    (no ring)
Stlth  ++........               (no ring)
                                (no ring)
                                (no ring)
                                (no ring)

@: exhausted, not resistant to hostile enchantments, unstealthy
A: almost no armour, amphibious, 8 rings, constrict 8, camouflage 1, gelatinous
body 1
a: Berserk, Trog's Hand, Brothers in Arms, Burn Spellbooks, Renounce Religion


You were on level 8 of the Dungeon.
You worshipped Trog.
Trog was greatly pleased with you.
You were near starving.

You visited 1 branch of the dungeon, and saw 8 of its levels.

You collected 358 gold pieces.

Inventory:

Hand Weapons
 a - a +1 hand axe (weapon)
Missiles
 c - 7 needles of paralysis
 f - 148 stones (quivered)
 q - 35 poisoned needles
Armour
 l - the +3 crown of Dyrovepreva (worn) {rElec Int+2 SInv}
   (You found it on level 6 of the Dungeon)

   It affects your intelligence (+2).
   It insulates you from electricity.
   It lets you see invisible.
Jewellery
 t - an amulet of clarity (around mantle)
Scrolls
 e - 10 scrolls of identify
 g - a scroll of fear
 i - 2 scrolls of remove curse
 j - a scroll of teleportation
 m - a scroll of enchant armour
Comestibles
 b - 4 bread rations
 h - 7 meat rations
 n - 3 beef jerkies
 o - 8 fruits
 r - 7 slices of pizza


   Skills:
 + Level 8.0 Fighting
 * Level 11.2 Axes
 + Level 7.4 Throwing
 - Level 3.0 Dodging


You had 9 spell levels left.
You didn't know any spells.

Dungeon Overview and Level Annotations

Branches:
Dungeon (8/15)             Temple (0/1) D:5
   Lair: D:8-11

Altars:
Makhleb
Okawaru
Qazlal
Sif Muna
Zin
The Shining One

Shops:
D:7 *


Innate Abilities, Weirdness & Mutations

You cannot wear most types of armour.
You are amphibious.
You can wear up to eight rings at the same time.
You can use your tentacles to constrict eight enemies at once.
Your skin changes colour to match your surroundings (Stealth).
Your rubbery body absorbs attacks (AC +1).


Message History

Can't find anything matching that.
Okay, then.
You start resting.
Attempting RANGED ATTACK TO (2,1) Throwing (i - inventory):
f - 149 stones (quivered)
Press: ? - help, Shift-Dir - straight line, f - wight
Aim: a wight, wielding an enchanted dire flail and wearing a robe (hasn't noticed you)
You throw a stone. The stone hits the wight.
The wight is moderately damaged.
ATTACKING (1,0)
You barely miss the wight. Your grab misses the wight.
The wight is moderately damaged.
The wight hits you but does no damage.
ATTACKING (1,0)
You closely miss the wight. You grab the wight.
The wight is moderately damaged.
You feel yourself speed up.
You constrict the wight, but do no damage.
The wight hits you with an enchanted dire flail!
You die...

###
..
#.##
#..#
#.###
#xz.#
###.#
#.#
#.#
#.#
#5.


.zh #z( You could see a wight.

Table legend:
 A = Turns spent in this place as a percentage of turns spent in the entire game.
 B = Non-inter-level travel turns spent in this place as a percentage of non-inter-level travel turns spent in the entire game.
 C = Inter-level travel turns spent in this place as a percentage of turns spent in this place.
 D = Turns resting spent in this place as a percentage of non-inter-level travel turns spent in this place.
 E = Turns spent auto-exploring this place as a percentage of non-inter-level travel turns spent in this place.
 F = Non-inter-level travel turns spent in this place divided by the number of levels of this place that you've seen.
                   A       B       C       D       E      F
               +-------+-------+-------+-------+-------+----------------------
         Total | 100.0 | 100.0 |   0.6 |   1.6 |   2.5 | 1579.1
       Dungeon | 100.0 | 100.0 |   0.6 |   1.6 |   2.5 | 1579.1
               +-------+-------+-------+-------+-------+----------------------

Table legend:
 A = Kills in this place as a percentage of kills in entire the game.
 B = Kills by you in this place as a percentage of kills by you in the entire game.
 C = Kills by friends in this place as a percentage of kills by friends in the entire game.
 D = Other kills in this place as a percentage of other kills in the entire game.
 E = Experience gained in this place as a percentage of experience gained in the entire game.
 F = Experience gained in this place divided by the number of levels of this place that you have seen.
                   A       B       C       D       E      F
               +-------+-------+-------+-------+-------+----------------------
         Total | 100.0 | 100.0 | 100.0 |  -nan | 100.0 | 866.9
       Dungeon | 100.0 | 100.0 | 100.0 |  -nan | 100.0 | 866.9
               +-------+-------+-------+-------+-------+----------------------

Vanquished Creatures
  The ghost of TruthSerum the Ruffian, a novice TrMo of Okawaru (D:8)
  The ghost of djmy96 the Sneak, an amateur KoAs of Nemelex Xobeh (D:4)
  Sigmund (D:3)
  A hog (D:7)
  3 humans (D:7)
  A yak (D:7)
  Duvessa (D:5)
  2 orc warriors
  A phantom (D:7)
  5 centaurs
  3 ogres
  A sky beast (D:7)
  5 giant frogs
  2 big kobolds (D:7)
  2 scorpions
  Dowan (D:5)
  5 crimson imps
  2 hounds
  2 centaur zombies
  3 orc priests
  2 jellies
  Crazy Yiuf (D:3)
  3 iguanas
  2 giant frog skeletons (D:6)
  7 orc wizards
  3 worker ants
  2 sheep (D:7)
  A hound zombie (D:6)
  Robin (D:3)
  3 gnolls (D:6)
  9 adders
  A worker ant zombie (D:7)
  A shadow imp (D:6)
  An ooze (D:2)
  6 giant geckos
  35 orcs
  9 bats
  8 giant cockroaches
  15 goblins
  12 hobgoblins
  9 jackals
  20 kobolds
  5 quokkas
  3 ball pythons
  8 giant newts
  2 jackal skeletons
  A quokka skeleton (D:3)
  7 rats
220 creatures vanquished.

Vanquished Creatures (collateral kills)
  Joseph (D:7)
1 creature vanquished.

Vanquished Creatures (others)
  A jackal (D:3)
1 creature vanquished.

Grand Total: 222 creatures vanquished

Notes
Turn   | Place    | Note
--------------------------------------------------------------
     0 | D:1      | jw the Octopode Berserker began the quest for the Orb.
     0 | D:1      | Reached XP level 1. HP: 16/16 MP: 1/1
    78 | D:1      | Reached XP level 2. HP: 7/21 MP: 2/2
   755 | D:1      | Reached skill level 1 in Throwing
   782 | D:1      | Reached ** piety under Trog
   788 | D:1      | Reached XP level 3. HP: 26/26 MP: 3/3
  1612 | D:2      | Reached XP level 4. HP: 31/31 MP: 4/4
  1839 | D:2      | Reached skill level 4 in Axes
  1972 | D:2      | Reached *** piety under Trog
  2790 | D:3      | Found a stormy altar of Qazlal.
  3051 | D:3      | Reached XP level 5. HP: 22/37 MP: 5/5
  3317 | D:3      | Noticed Sigmund
  3329 | D:3      | Killed Sigmund
  3329 | D:3      | Reached skill level 5 in Axes
  3329 | D:3      | Reached XP level 6. HP: 44/44 MP: 3/6
  3489 | D:3      | Noticed Robin
  3499 | D:3      | Killed Robin
  3970 | D:3      | Noticed Crazy Yiuf
  3980 | D:3      | Killed Crazy Yiuf
  4406 | D:4      | Noticed djmy96's ghost (amateur KoAs)
  4425 | D:4      | Killed djmy96's ghost
  4425 | D:4      | Reached skill level 6 in Axes
  4425 | D:4      | Reached XP level 7. HP: 49/49 MP: 7/7
  4754 | D:4      | Found a glowing golden altar of the Shining One.
  4754 | D:4      | Found a burning altar of Makhleb.
  4759 | D:4      | Found a glowing silver altar of Zin.
  4856 | D:4      | Reached skill level 5 in Fighting
  5291 | D:4      | Reached **** piety under Trog
  5457 | D:5      | Entered Level 5 of the Dungeon
  5469 | D:5      | Reached XP level 8. HP: 44/55 MP: 8/8
  5483 | D:5      | Reached skill level 7 in Axes
  5744 | D:5      | Found a staircase to the Ecumenical Temple.
  5764 | D:5      | Noticed Duvessa
  5764 | D:5      | Noticed Dowan
  5771 | D:5      | Killed Dowan
  5775 | D:5      | Killed Duvessa
  6224 | D:5      | Found a deep blue altar of Sif Muna.
  6790 | D:6      | Reached skill level 8 in Axes
  7195 | D:6      | Reached skill level 5 in Throwing
  7675 | D:6      | Reached XP level 9. HP: 62/62 MP: 9/9
  7958 | D:6      | Reached skill level 9 in Axes
  8557 | D:6      | Received a gift from Trog
  8898 | D:7      | Noticed Joseph
  9137 | D:7      | Killed Joseph
  9505 | D:7      | Found an iron altar of Okawaru.
  9540 | D:7      | Found Eqei's Assorted Antiques.
  9609 | D:7      | Reached skill level 10 in Axes
  9984 | D:7      | Found an iron altar of Okawaru.
 10210 | D:7      | Reached XP level 10. HP: 71/71 MP: 10/10
 11162 | D:8      | Noticed TruthSerum's ghost (novice TrMo)
 11186 | D:8      | HP: 3/108 [TruthSerum's ghost (11)]
 11187 | D:8      | Killed TruthSerum's ghost
 11187 | D:8      | Reached skill level 11 in Axes
 11216 | D:8      | HP: 3/72 [jackal (3)]
 11221 | D:8      | Mangled by a wight

Action                   |  1- 3 |  4- 6 |  7- 9 | 10-12 || total
-------------------------+-------+-------+-------+-------++-------
Melee: Hand axe          |    68 |   125 |   243 |    74 ||   510
Throw: Stone             |    64 |    65 |    82 |    12 ||   223
       Tomahawk          |       |       |    35 |     4 ||    39
Invok: Berserk           |       |     2 |     5 |     1 ||     8
       Trog's Hand       |       |     1 |     4 |       ||     5
       Brothers in Arms  |       |       |     1 |       ||     1
  Use: Potion            |     3 |     1 |     7 |     1 ||    12
       Scroll            |     2 |     5 |     4 |     2 ||    13
 Stab: Sleeping          |     3 |     5 |     8 |       ||    16
       Distracted        |       |       |       |     1 ||     1
  Eat: Chunk             |     2 |    10 |    20 |     4 ||    36
       Bread ration      |       |       |     1 |       ||     1

Vault maps used:
D:1:      minmay_arrival_diagonal_passages
D:2:      serial_forest, infiniplex_forest_zigzag_1, infiniplex_forest_lined_2,
          infiniplex_forest_clump_curved, infiniplex_forest_clump_long,
          infiniplex_forest_clump_C
D:3:      grunt_qazlal_clouds, uniq_sigmund, uniq_robin, uniq_crazy_yiuf_cottage
D:4:      grunt_temple_overflow_open, minivault_27
D:5:      led_sif_pool, minmay_temple_entry_large_hall, first_bread,
          uniq_duvessa
D:7:      old_standard_altar, serial_shops, nicolae_shop_overgrown_old_shop,
          grunt_livestock, okawaru_humans, uniq_joseph
D:8:      lemuel_zombie_altar_yredelemnul, serial_shops, shop, uniq_erica,
          uniq_maurice
